[Event "EYCC Girls U14 2018"]
[Site "Riga"]
[Date "2018.08.29"]
[Round "9"]
[White "Loskutova, Viktoriya"]
[Black "Eizaguerri Floris, Maria"]
[Result "1-0"]
[ECO "B40"]
[WhiteElo "2088"]
[BlackElo "2065"]
[Annotator "NA"]
[PlyCount "95"]
[EventDate "2018.08.20"]
[EventType "swiss"]
[EventCountry "LAT"]
[SourceTitle "playchess.com"]
[Source "ChessBase"]
[SourceQuality "1"]
[TimeControl "40/5400+30:1800+30"]

1. e4 c5 2. Nf3 e6 3. c4 Nc6 4. Be2 {[%emt 0:00:00] B40: Sicilian: 2...e6, Unusual lines} e5 {[%emt 0:00:40] LiveBook: 24 Games} (4... Nf6 5. Nc3 d5 6. exd5 exd5 7. d4 Be6 8. cxd5 Nxd5 9. O-O Be7 10. dxc5 Nxc3 11. bxc3 Qxd1 12. Bxd1 Bxc5 13. Ng5 Bc4 14. Re1+ Be7 15. Ba3 O-O 16. Bxe7 {½-½ (27) Zvjaginsev,V (2661)-Rublevsky,S (2682) Sochi 2017}) 5. O-O g6 6. d3 Bg7 7. Nc3 d6 8. h3 Nge7 9. a3 O-O 10. Bd2 f5 11. Nd5 h6 12. b4 b6 $146 13. b5 Nxd5 14. cxd5 Ne7 15. a4 Bd7 16. Bc3 Qe8 17. Qb3 Qf7 18. Nd2 fxe4 ({Black should try} 18... a6 $14) 19. dxe4 Qf4 20. Qc2 Qg5 21. Qd3 Kh7 22. Nc4 Nc8 23. Bd2 Qf6 24. Qg3 g5 25. Bg4 Bxg4 26. Qxg4 Qg6 27. Ra3 Ne7 28. a5 Ng8 29. Qe2 Nf6 30. Re1 Nd7 31. axb6 axb6 32. Rea1 Rab8 33. Ra7 Rf7 34. Rc7 Rbf8 35. f3 Kh8 36. Raa7 Nf6 37. Nxb6 Rxc7 38. Rxc7 Rb8 39. Rc8+ Rxc8 40. Nxc8 Qe8 41. Nxd6 Qb8 42. Nf5 Qa7 43. Qc4 Nh5 $18 44. Be3 Nf4 45. Qxc5 Qa2 46. Bxf4 exf4 47. Qc8+ Kh7 48. Qb7 1-0

[Event "EYCC Girls U14 2018"]
[Site "Riga"]
[Date "2018.08.29"]
[Round "9"]
[White "Krasteva, Beloslava"]
[Black "Bondareva, Daria"]
[Result "1-0"]
[ECO "E45"]
[WhiteElo "2086"]
[BlackElo "1922"]
[Annotator "NA"]
[PlyCount "65"]
[EventDate "2018.08.20"]
[EventType "swiss"]
[EventCountry "LAT"]
[SourceTitle "playchess.com"]
[Source "ChessBase"]
[SourceQuality "1"]
[TimeControl "40/5400+30:1800+30"]

1. d4 Nf6 2. c4 e6 3. Nc3 Bb4 4. e3 b6 5. Nge2 Ba6 6. Ng3 O-O 7. e4 d5 8. cxd5 {[%emt 0:01:30] E45: Nimzo-Indian: Rubinstein: 4...b6 5 Ne2 Ba6} Bxf1 9. Kxf1 {[%emt 0:01:48] LiveBook: 10 Games} exd5 (9... Bxc3 10. bxc3 exd5 11. e5 Ne4 12. f3 Nxg3+ 13. hxg3 f5 14. Qd3 Qd7 15. g4 Nc6 16. Ba3 Rf7 17. Re1 Re8 18. Rh5 g6 19. gxf5 Rxf5 20. Rxf5 Qxf5 21. Qxf5 gxf5 {1-0 (59) Guliev,S (2416)-Fendereski,N (2238) Baku 2016}) 10. e5 Ne8 11. Qg4 c6 $146 ({Predecessor:} 11... Bxc3 12. bxc3 Qd7 13. Qxd7 Nxd7 14. Nf5 c5 15. Ne7+ Kh8 16. Nxd5 {0-1 (38) Taggatz,M (2193)-Schmid,R (2254) Bayern 2016}) 12. Nf5 Kh8 13. a3 (13. Ne2 $16) 13... Be7 14. h4 Qd7 (14... c5 $1 $14) 15. Bg5 f6 {[%emt 0:08:17] [#]} (15... g6 $16) 16. e6 $1 Qd8 (16... Qb7 $142) 17. Bf4 Rg8 18. Re1 Na6 19. Rh3 Nec7 20. Rg3 Qf8 21. Bd6 Re8 22. Bxe7 Rxe7 23. Nxe7 Qxe7 24. h5 Ne8 25. Ne2 f5 26. Qxf5 Nd6 27. Qe5 Ne4 28. Rh3 Nd2+ 29. Kg1 Nc4 30. Qf5 Rf8 31. Qg4 Nc7 32. Nf4 Kg8 $18 33. Ng6 1-0

[Event "EYCC Girls U14 2018"]
[Site "Riga"]
[Date "2018.08.29"]
[Round "9"]
[White "Ciolacu, Alessia Mihaela"]
[Black "Bardorz, Jana"]
[Result "1-0"]
[ECO "A48"]
[WhiteElo "2020"]
[BlackElo "1869"]
[Annotator "NA"]
[PlyCount "91"]
[EventDate "2018.08.20"]
[EventType "swiss"]
[EventCountry "LAT"]
[SourceTitle "playchess.com"]
[Source "ChessBase"]
[SourceQuality "1"]
[TimeControl "40/5400+30:1800+30"]

1. d4 Nf6 2. Nf3 g6 3. Bg5 Bg7 4. Nbd2 c5 5. e3 cxd4 6. exd4 d6 {[%emt 0:02:59] A48: 1 d4 Nf6 2 Nf3 g6: Torre, London and Colle Systems} (6... b6 7. c3 O-O 8. Bd3 Ba6 9. Bxa6 Nxa6 10. Qe2 Nc7 11. h4 b5 12. h5 b4 13. hxg6 hxg6 14. c4 {1-0 (22) Mamedyarov,S (2809)-Svidler,P (2760) Moscow 2018}) 7. Bd3 O-O 8. O-O Nc6 {[%emt 0:04:48] LiveBook: 3 Games} 9. Re1 Re8 10. c3 Qc7 11. Nc4 e5 $146 ({Predecessor:} 11... b6 12. Bxf6 Bxf6 13. h4 Bg4 {0-1 (45) Orsolic,Z (1905)-Ognjan,R (2129) Bjelovar 2008}) 12. Bxf6 Bxf6 13. Ne3 Ne7 14. Bc4 Bd7 15. Qb3 Rf8 16. Rad1 Rad8 17. dxe5 dxe5 18. h4 h6 19. Nd5 Nxd5 20. Bxd5 Bc6 21. Qc4 Rde8 22. b4 $11 Qb6 23. Bxc6 Qxc6 24. Qxc6 bxc6 25. Rd6 e4 26. Nd4 Bxh4 27. g3 Bg5 28. Nxc6 e3 29. f4 Be7 30. Rd3 Bf6 31. Rexe3 Rxe3 32. Rxe3 a6 33. a4 Rc8 34. b5 axb5 35. axb5 g5 36. c4 gxf4 37. gxf4 Kg7 38. Rg3+ Kf8 39. c5 Ke8 40. Rd3 h5 41. b6 Be7 42. Nxe7 Kxe7 43. b7 Rb8 44. c6 h4 45. c7 Rxb7 46. c8=Q 1-0

[Event "EYCC Girls U14 2018"]
[Site "Riga"]
[Date "2018.08.29"]
[Round "9"]
[White "Wikar, Martyna"]
[Black "Hakobyan, Astghik"]
[Result "0-1"]
[ECO "C00"]
[WhiteElo "1974"]
[BlackElo "1820"]
[Annotator "NA"]
[PlyCount "104"]
[EventDate "2018.08.20"]
[EventType "swiss"]
[EventCountry "LAT"]
[SourceTitle "playchess.com"]
[Source "ChessBase"]
[SourceQuality "1"]
[TimeControl "40/5400+30:1800+30"]

1. e4 e6 2. d3 d5 3. Nd2 c5 4. Ngf3 Nc6 5. g3 g6 6. Bg2 Bg7 7. O-O Nf6 8. Re1 O-O 9. c3 {[%emt 0:02:04] LiveBook: 212 Games} e5 {[%emt 0:09:08] A08: King's Indian Attack} (9... b6 10. e5 Nd7 11. d4 a5 12. Nf1 a4 13. a3 Ba6 14. h4 Qc7 15. Bf4 Na5 16. Ne3 Nb3 17. Rb1 cxd4 18. cxd4 Rac8 {1-0 (54) Amin,B (2689)-Movsesian,S (2647) Riadh 2017}) 10. Qc2 b6 11. a4 $146 ({Predecessor:} 11. Nf1 Bb7 12. Bg5 d4 13. Qd2 Qd6 14. Rad1 Nd7 15. g4 {0-1 (41) Pahl,R-Janz,F Neumuenster 1995}) 11... Ba6 ({Besser ist} 11... h6 $15) 12. Bf1 (12. exd5 $11 Nxd5 13. Nc4) 12... Rc8 13. Nb3 (13. a5 $5) 13... Nh5 (13... Qd6 $15) 14. Bh3 dxe4 15. dxe4 Bd3 16. Qd1 Rc7 17. Bg5 f6 18. Be6+ Kh8 19. Bd2 c4 20. Nc1 f5 21. Bg5 Qe8 22. exf5 gxf5 23. Nxd3 cxd3 24. Bd5 e4 25. g4 Ne5 26. Nd4 $2 (26. Nxe5 {was necessary.} Qxe5 27. Bb3) 26... Nxg4 27. Bxe4 Nxf2 28. Bf3 Nxd1 29. Rxe8 Rxe8 30. Rxd1 Bxd4+ 31. cxd4 Rg8 32. h4 h6 33. Bxh5 $19 hxg5 34. Bf3 gxh4+ 35. Kh1 Rg3 36. Rxd3 Rc1+ 37. Rd1 Rxd1+ 38. Bxd1 Rd3 39. Bc2 Rxd4 40. Bxf5 Rxa4 41. b3 Rf4 42. Be6 Kg7 43. Kh2 Kf6 44. Bg8 Ke5 45. Kh3 Kd4 46. Be6 Kc3 47. Bg8 Rb4 48. Be6 Rxb3 49. Kxh4 a5 50. Kg3 a4 51. Kf2 a3 52. Ke2 a2 0-1

[Event "EYCC Girls U14 2018"]
[Site "Riga"]
[Date "2018.08.29"]
[Round "9"]
[White "Levitan, Ronit"]
[Black "Dylag, Emilia"]
[Result "1-0"]
[ECO "B22"]
[WhiteElo "1933"]
[BlackElo "2095"]
[Annotator "NA RC"]
[PlyCount "123"]
[EventDate "2018.08.20"]
[EventType "swiss"]
[EventCountry "LAT"]
[SourceTitle "playchess.com"]
[Source "ChessBase"]
[SourceQuality "1"]
[TimeControl "40/5400+30:1800+30"]

1. e4 c5 2. c3 Nf6 3. e5 Nd5 4. d4 cxd4 5. cxd4 d6 6. Nf3 {[%emt 0:00:28] LiveBook: 1087 Games} Nc6 7. Bc4 dxe5 8. dxe5 Ndb4 9. O-O {[%emt 0:01:36] B22: Sicilian: 2 c3} (9. Qxd8+ Nxd8 10. Na3 Bg4 11. Bd2 Nbc6 12. Bc3 Bxf3 13. gxf3 a6 14. Nc2 e6 15. Bd3 Rc8 16. Be4 Be7 {½-½ (42) Mamedov,R (2655)-Giri,A (2790) Shamkir 2016}) 9... Qxd1 10. Rxd1 Bg4 11. Nc3 e6 $146 (11... Bxf3 $11 12. gxf3 Nxe5) ({Predecessor:} 11... g6 12. Bf4 Bg7 13. a3 Bxf3 {0-1 (13) Ibarra Jerez,J (2233)-Bogner,S (2586) Lorca 2017}) 12. Bf4 Bxf3 13. gxf3 g5 14. Be3 ({Of course not} 14. Bxg5 Rg8 $17) 14... Nxe5 15. Bb3 Rc8 (15... Nxf3+ $17 16. Kg2 Nh4+ 17. Kh1 Be7 18. Ba4+ Nc6) 16. Ne4 Be7 17. Kg2 Nbc6 18. Rac1 Rd8 19. Ba4 Rxd1 20. Rxd1 O-O 21. Bxc6 Nxc6 22. Rd7 Rb8 (22... f5 $1 $15 23. Nc3 (23. Nxg5 f4 $15) 23... Bf6) 23. Bxg5 Bxg5 24. Nxg5 Nd8 25. Kg3 h6 26. Ne4 Kg7 27. Kf4 Kg6 28. Ke5 b5 29. Kd6 Rb6+ 30. Kc7 Nb7 31. b4 f5 32. Nc3 Kf6 33. f4 h5 34. h4 Kg6 35. Ne2 Kf6 36. Nd4 e5 37. fxe5+ Kxe5 38. Nc6+ Ke6 39. Rd2 f4 40. Nxa7 Rd6 41. Re2+ Kf5 42. Kxb7 f3 43. Rc2 Rd7+ 44. Kb6 Kg4 45. Nxb5 Kxh4 46. a4 Kh3 47. a5 Kg2 48. a6 h4 49. a7 Rd8 50. Nd4 h3 {[%emt 0:01:26] [#]} 51. Nxf3 $1 Kxf3 52. Rc3+ $18 Kg4 53. Rxh3 Kxh3 54. b5 Rf8 55. Kb7 Rf7+ 56. Ka6 Rf8 57. b6 Kg4 58. b7 Rf6+ 59. Kb5 Rf5+ 60. Kc4 Rf4+ 61. Kd3 Rf3+ 62. Ke2 1-0

[Event "EYCC Girls U14 2018"]
[Site "Riga"]
[Date "2018.08.29"]
[Round "9"]
[White "Mkrtchyan, Mariam"]
[Black "Lomaia, Diana"]
[Result "1-0"]
[ECO "A44"]
[WhiteElo "1881"]
[BlackElo "1851"]
[Annotator "NA"]
[PlyCount "89"]
[EventDate "2018.08.20"]
[EventType "swiss"]
[EventCountry "LAT"]
[SourceTitle "playchess.com"]
[Source "ChessBase"]
[SourceQuality "1"]
[TimeControl "40/5400+30:1800+30"]

1. d4 c5 2. d5 e5 3. e4 d6 4. Nc3 g6 5. h4 Bg7 6. h5 Nf6 7. Be2 h6 8. Be3 g5 9. a4 a6 10. Nf3 Nh7 11. Nd2 b6 12. Nc4 O-O $18 13. O-O Ra7 14. g4 Rb7 15. Qd2 Nf6 16. f3 Re8 17. Rfb1 Ree7 18. b4 Ne8 19. Rb3 f6 20. Rab1 Bf8 21. Qe1 Rf7 22. R1b2 Qc7 23. bxc5 bxc5 24. Rxb7 Bxb7 25. Qb1 Bg7 26. Bd2 f5 27. gxf5 a5 28. Nb5 Qe7 29. Nxa5 Bc8 30. Nxd6 Nxd6 31. Rxb8 Kh7 32. Nc4 Bd7 33. Nxd6 Qxd6 34. a5 Rf8 35. Rb6 Qc7 36. a6 Ra8 37. Ba5 Qc8 38. Rb7 Qe8 39. Qb6 Bc8 40. Bb5 Qf8 41. Qg6+ Kh8 42. Rf7 Qg8 43. a7 Bf8 44. Bc6 Qxg6 45. hxg6 1-0

[Event "EYCC Girls U14 2018"]
[Site "Riga"]
[Date "2018.08.29"]
[Round "9"]
[White "Ismayil, Malak"]
[Black "Yakimova, Mariya"]
[Result "1-0"]
[ECO "B30"]
[WhiteElo "1772"]
[BlackElo "1875"]
[Annotator "NA"]
[PlyCount "81"]
[EventDate "2018.08.20"]
[EventType "swiss"]
[EventCountry "LAT"]
[SourceTitle "playchess.com"]
[Source "ChessBase"]
[SourceQuality "1"]
[TimeControl "40/5400+30:1800+30"]

1. e4 c5 2. Nf3 Nc6 3. Bb5 d6 4. h3 Bd7 5. O-O Nf6 6. Re1 g5 $146 {[%emt 0:01:30] B51: Sicilian: Moscow Variation (3 Bb5+) without 3...Bd7} ({Predecessor:} 6... Ne5 7. Bxd7+ Nfxd7 8. Nh2 g6 9. d3 Bg7 10. Nd2 O-O 11. Ndf1 b5 12. Ng3 b4 13. f4 Nc6 14. f5 {1-0 (31) Kasimdzhanov,R (2703)-Moiseenko,A (2648) Almaty 2016}) 7. d4 Nxd4 8. Nxd4 cxd4 9. Bxd7+ Qxd7 10. Qxd4 Bg7 11. e5 Ng8 12. Bxg5 Bxe5 13. Qb4 Nf6 14. c3 (14. Nd2 $16) 14... h6 15. Bxf6 Bxf6 16. Nd2 Rg8 {[%emt 0:03:25] [#]} 17. Kh1 (17. Ne4 $1 $16 Be5 {[#]} 18. f4 $1 ) 17... O-O-O 18. Ne4 Be5 19. Qc4+ Kb8 20. Qxf7 Rdf8 21. Qh5 Rf5 22. Qxh6 Bf4 23. Qh7 Rgf8 24. Re2 Be5 25. Qg6 Rh8 (25... R5f7 $16 26. Rae1 Rg7) 26. Qg4 e6 27. Re3 Qh7 $18 28. Qe2 Qf7 29. Kg1 Bf4 30. Rd3 d5 31. Ng3 Rf6 32. Rad1 Rh4 33. b3 a6 34. c4 dxc4 35. Rd8+ Ka7 36. Qxc4 Rh7 37. Qc5+ b6 38. Qc6 Qb7 39. R8d7 Bc7 40. Qxb7+ Kxb7 41. Rxh7 1-0